 Dungeon Crawl Stone Soup version 0.31-a0-523-g071a6c1 (webtiles) character file.

Game seed: 17510158077331874996

1799993 yakattack the Slayer (level 26, 304/304 HPs)
             Began as a Troll Shapeshifter on Aug 11, 2023.
             Was a High Priest of Trog.
             Escaped with the Orb
             ... and 3 runes!
             The game lasted 01:27:27 (60253 turns).

yakattack the Slayer (Troll Shapeshifter)          Turns: 60253, Time: 01:27:27

Health: 304/304    AC: 16    Str: 31    XL:     26   Next: 63%
Magic:  19/19      EV: 46    Int:  3    God:    Trog [*****.]
Gold:   2130       SH:  0    Dex: 20    Spells: 25/25 levels left

rFire   + +          .
                       - Unarmed
rCold   . . .        n - melded +0 kite shield
rNeg    . . .        X - melded +0 swamp dragon scales
rPois   ∞            (helmet currently unavailable)
rElec   +            z - melded +0 cloak
rCorr   .            (gloves unavailable)
SInv    +            (boots unavailable)
Will    +....        T - amulet of Agnosticism {Spirit Stlth+}
Stlth   +            c - ring of protection from fire
HPRegen 1.50/turn    F - ring "Asamn" {rF+ SInv}
MPRegen 0.16/turn

%: guardian spirit
@: storm-form, flying, studying Evocations
A: cleaving, insubstantial, flying, large, unfitting armour, (claws 3),
regeneration 1, (shaggy fur 1), (tough skin 1), (iridescent scales 1), agile 1,
(cold resistance 1), low MP 1
0: Orb of Zot
}: 3/15 runes: serpentine, barnacled, silver
a: Blinkbolt, Begin Untransformation, Renounce Religion, Berserk, Trog's Hand,
Brothers in Arms


You escaped.
You worshipped Trog.
Trog was extremely pleased with you.
You were a lightning-filled tempest!
You visited 10 branches of the dungeon, and saw 48 of its levels.
You visited the Abyss 2 times.
You also visited: Trove, Ossuary and Ice Cave.

You collected 8307 gold pieces.
You spent 6177 gold pieces at shops.

Inventory:

Missiles
 f - 432 stones (quivered) {+f}
 s - 7 throwing nets
Armour
 n - a +0 kite shield (melded)
 z - a +0 cloak (melded)
 X - +0 swamp dragon scales (melded)
Jewellery
 c - a ring of protection from fire (left fist)
 q - a ring of positive energy
 F - the ring "Asamn" (right fist) {rF+ SInv}
   (You took it off a tengu reaver on level 15 of the Dungeon)

   [ring of protection from fire]

   rF+:       It protects you from fire.
   SInv:      It lets you see invisible.
 T - the amulet of Agnosticism (around neck) {Spirit Stlth+}
   (You took it off a tengu reaver on level 5 of the Vaults)

   [amulet of guardian spirit]

   Spirit:    It causes incoming damage to be divided between your reserves of
   health and magic.
   Stlth+:    It makes you more stealthy.
 V - the ring of Jiputin {*Corrode Fly rC++ Str-2 Slay+4}
   (You found it on level 3 of the Elven Halls)

   [ring of flight]

   Str-2:     It affects your strength (-2).
   Slay+4:    It affects your accuracy & damage with ranged weapons and melee
   (+4).
   rC++:      It greatly protects you from cold.
   Fly:       It grants you flight.
   *Corrode:  It may corrode you when you take damage.
Talismans
 H - a storm talisman (active)
Wands
 p - a wand of polymorph (17)
 u - a wand of charming (37)
 v - a wand of digging (23)
 D - a wand of acid (38)
 O - a wand of roots (80)
 Q - a wand of mindburst (36)
 R - a wand of flame (65)
Scrolls
 a - 6 scrolls of immolation
 g - 20 scrolls of teleportation
 i - 10 scrolls of fear
 t - 8 scrolls of fog
 w - 2 scrolls of revelation
 C - 10 scrolls of vulnerability
 E - 3 scrolls of poison
 P - 7 scrolls of blinking
 Y - a scroll of butterflies
 Z - 2 scrolls of silence
Potions
 b - 7 potions of lignification
 e - 10 potions of cancellation
 j - 7 potions of heal wounds
 m - 2 potions of attraction
 A - 5 potions of mutation
 B - 4 potions of resistance
 G - 7 potions of invisibility
 I - 6 potions of haste
 J - 15 potions of curing
 M - 4 potions of might
 N - 2 potions of berserk rage
 S - 4 potions of enlightenment
Miscellaneous
 l - a lightning rod (4/4)
 L - a phantom mirror
 U - a phial of floods


   Skills:
 + Level 24.9 Fighting
 + Level 21.2 Dodging
 - Level 3.3 Shields
 - Level 19.0 Unarmed Combat
 - Level 12.0 Evocations
 - Level 23.0 Shapeshifting


You had 25 spell levels left.
You didn't know any spells.
Your spell library contained the following spells:

 Spells                   Type           Power      Damage    Failure   Level
 Slow                     Hex            0%         N/A       52%         1
 Summon Small Mammal      Summ           0%         N/A       52%         1
 Wereblood                Tmut           0%         N/A       67%         2
 Call Canine Familiar     Summ           0%         N/A       88%         3
 Confusing Touch          Hex            0%         N/A       88%         3
 Summon Guardian Golem    Hex/Summ       0%         N/A       88%         3
 Vampiric Draining        Necr           0%         2d6       88%         3
 Summon Hydra             Summ           0%         N/A       100%        7
 Sublimation of Blood     Necr           Unusable   N/A       N/A         2

Dungeon Overview and Level Annotations

Branches:
Dungeon (15/15)            Temple (1/1) D:4            Lair (5/5) D:10
 Shoals (4/4) Lair:3        Snake (4/4) Lair:3        Slime (0/5) Lair:5
    Orc (2/2) D:11            Elf (3/3) Orc:2        Vaults (5/5) D:13
  Crypt (0/3) Vaults:3     Depths (4/4) D:15            Zot (5/5) Depths:4
Ossuary (visited)           IceCv (visited)

Altars:
Ashenzari
Cheibriados
Dithmenos
Elyvilon
Fedhas
Gozag
Hepliaklqana
Kikubaaqudgha
Makhleb
Nemelex Xobeh
Okawaru
Qazlal
Ru
Sif Muna
Trog
Uskayaw
Vehumet
Wu Jian
Xom
Yredelemnul
Zin
The Shining One

Shops:
D:3 [   D:6 *   D:8 *   D:9 *   Orc:2 :((:   Elf:1 ?   Shoals:2 (
Snake:2 =::(   Snake:4 (   Depths:1 ?*[

Portals:
Hell: Lair:5 Depths:1 Depths:2 Depths:3 Depths:4
Abyss: Depths:1 Depths:3 Depths:4
Pandemonium: Depths:2 Depths:3
Ziggurat: Depths:2


Innate Abilities, Weirdness & Mutations

You are a lightning-filled tempest!
Your electrical attacks strike out in all directions at once.
You are incredibly evasive.
Your insubstantial body is immune to petrification, constriction, and being set on fire You are flying.
Your armour is entirely melded.
You are incapable of wielding weapons or throwing items.
You are too large for most types of armour.
You are immune to poison.
((You have claws for hands.))
Your natural rate of healing is unusually fast.
((You are covered in fur. (AC +1)))
((You have tough skin. (AC +1)))
((You are partially covered in iridescent scales. (AC +2)))
You are agile. (Dex +4, Str/Int -1)
((Your flesh is cold resistant. (rC+)))
Your magical capacity is low. (-10% MP)


Message History

There is a stone staircase leading down here.
You see here a +0 short sword.
Things that are here:
a +0 robe; a +0 dagger
Items here: )) [[.
Things that are here:
a +1 war axe of draining; a +0 leather armour; a +0 mace You see here a +0 dagger.
There is a stone staircase leading up here.
You fly upwards.
There is a stone staircase leading down here.
There is a stone staircase leading up here.
You fly upwards.
There is a stone staircase leading down here.
There is a stone staircase leading up here.
You fly upwards.
There is a stone staircase leading down here.
There is a stone staircase leading up, spattered with blood here.
You fly upwards.
There is a stone staircase leading down here.
There is a stone staircase leading up here.
You fly upwards.
There is a stone staircase leading down here.
You see here a +0 spear.
Things that are here:
a +0 whip; a +0 flail
There is a stone staircase leading up here.
You fly upwards.
There is a stone staircase leading down here.
A Coluo, a Tzitzimitl and a large abomination come into view.
Blink to where?
Press: ? - help, Dir - move target
As you read the scroll of blinking, it crumbles to dust.
The Tzitzimitl roars!
Coluo blinks!
You fly upwards.
There is a stone staircase leading down here.
What level of the Dungeon? (default 1, ? - help)
There is a staircase leading out of the dungeon here.
You have escaped!

#.## ##.#..........###....##.
#..## #.#..........# ####..#.
##>.# #............# ##...
##.# #............## #### #.#
#..#.....#....#### #### #.##
##.##8###8##.#....###... #..#
#.........#..####...#.## ##.#
##...#.....#..# ###.)... #.#
##....#..v..#..# ####..###
#.###.....#.....#..###..).#...
#..##.....#........##..##...##
###.......##8###8##.##.....###
###...###....#.....#..##..####
#...#.# ##............##..#
#.###.# ##...#......###.## #.#
#.# #####.########.# # #.# #.#
#.# #...# ##


There were no monsters in sight!

Vanquished Creatures
  7 dread liches
  14 orbs of fire
  An ancient lich (Zot:5)
  Mara (Elf:3)
  Vashnia (Snake:4)
  4 Killer Klowns
  Frederick (Vaults:3)
  6 curse toes
  7 golden dragons
  A bone dragon (Abyss:2)
  the Enchantress (Depths:2)
  3 electric golems
  12 tentacled monstrosities
  29 Orb Guardians
  Asterion (Vaults:3)
  Rupert (D:12)
  A titan (Vaults:5)
  10 liches
  2 deep elf blademasters (Elf:3)
  2 deep elf master archers (Elf:3)
  4 quicksilver dragons
  3 krakens
  An Executioner (Abyss:2)
  3 death cobs
  3 sphinxes
  Frances (D:12)
  A tentacled starspawn (Abyss:2)
  6 draconian monks
  9 storm dragons
  Aizul (Snake:4)
  A daeva (Depths:2)
  17 nagarajas
  11 shadow dragons
  8 tengu reavers
  17 vault wardens
  5 deep elf sorcerers
  A ghost moth (Zot:5)
  5 draconian scorchers
  2 caustic shrike zombies
  4 draconian knights
  9 fire giants
  10 frost giants
  3 angels (Depths:2)
  3 deep elf elementalists (Elf:3)
  An orc warlord (Orc:2)
  7 spriggan defenders
  16 very ugly things
  3 draconian shifters
  The ghost of Dega the Crack Shot, an adept SpHu of Qazlal (Shoals:2)
  A cacodemon (Abyss:2)
  5 draconian stormcallers
  3 ironbound thunderhulks
  25 ironbound preservers
  A caustic shrike skeleton (D:15)
  6 draconian annihilators
  16 stone giants
  6 war gargoyles
  5 formless jellyfish
  12 green draconians
  2 vampire knights
  9 deep elf annihilators (Elf:3)
  8 black draconians
  Nessos (D:14)
  4 deep elf demonologists
  15 yellow draconians
  5 white draconians
  5 dire elephants
  Azrael (Orc:2)
  10 red draconians
  9 purple draconians
  3 green deaths (Depths:3)
  The ghost of Fomudeo the Nimble, a journeyman OpFi of Hepliaklqana (Lair:1)
  19 ettins
  Josephine (Orc:1)
  8 merfolk impalers
  5 merfolk javelineers
  6 deep elf death magi
  A crystal guardian (Vaults:1)
  3 jiangshi (Depths:2)
  14 yaktaur captains
  6 fire dragons
  A quicksilver dragon zombie (Depths:4)
  Fannar (D:10)
  4 entropy weavers
  An entropy weaver (shapeshifter) (Elf:2)
  A spectral spriggan (Depths:1)
  2 deep elf high priests
  4 spriggan zombies
  4 rakshasas
  3 salamander tyrants
  9 ice dragons
  7 great orbs of eyes
  A juggernaut simulacrum (Depths:2)
  4 peacekeepers
  A catoblepas (D:14)
  33 vault guards
  4 ogre magi (Vaults:5)
  5 hydras
  10 spriggan air magi
  A hell beast (Lair:5)
  5 merfolk avatars
  2 alligator snapping turtles
  3 satyrs
  13 anacondas
  14 centaur warriors
  A boulder beetle (D:13)
  8 merfolk aquamancers
  30 dancing weapons
  10 two-headed ogres
  5 ironbound frosthearts
  6 deep troll shamans
  5 orc high priests (Orc:2)
  2 tengu warriors (D:12)
  17 naga warriors
  11 deep troll earth magi
  3 vampire magi
  6 spriggan berserkers
  2 titan zombies (Depths:4)
  17 naga sharpshooters
  6 death yaks (Lair:2)
  13 hell knights (Depths:1)
  A storm dragon zombie (Depths:4)
  18 deep elf knights
  8 shock serpents
  A fire crab (Lair:5)
  4 skysharks
  A titan skeleton (Depths:2)
  5 skeletal warriors
  3 wretched stars (Abyss:2)
  5 golden dragon zombies (Depths:4)
  2 shadow wraiths
  15 sea snakes
  59 deep trolls
  4 salamander mystics (Snake:4)
  A flayed ghost (Depths:1)
  11 iron trolls
  2 orange crystal statues (Zot:5)
  3 cherubim (Depths:2)
  6 large abominations
  A spatial maelstrom (Abyss:2)
  5 glowing orange brains
  A deep troll (shapeshifter) (Depths:3)
  10 deep elf archers
  2 shadow dragon zombies (Depths:4)
  10 naga ritualists
  10 ironbound convokers
  An obsidian statue (Shoals:1)
  5 phantasmal warriors
  19 lindwurms
  29 deep elf zephyrmancers
  2 sphinx zombies (Depths:4)
  5 orc knights
  A harpy (shapeshifter) (Vaults:5)
  5 tengu zombies
  27 harpies
  Jeremiah (D:7)
  7 wizards
  35 ugly things
  31 deep elf pyromancers
  An oklob plant (Lair:1)
  A mana viper (shapeshifter) (Vaults:5)
  12 manticores
  6 fauns
  8 necromancers
  A human zombie (Vaults:4)
  A wolf spider (Vaults:5)
  12 mana vipers
  9 orc sorcerers
  21 cyclopes
  A fire giant zombie (Vaults:2)
  A frost giant zombie (Depths:1)
  An elephant (shapeshifter) (Vaults:5)
  13 salamanders
  2 fire giant skeletons
  4 human skeletons
  31 elephants
  4 merfolk sirens
  9 guardian serpents
  A worldbinder (Abyss:2)
  An orange demon (Lair:5)
  Maurice (Orc:1)
  3 ice statues (IceCv)
  43 black mambas
  25 vault sentinels
  An apocalypse crab (Abyss:2)
  25 moths of wrath
  23 naga magi
  15 cane toads
  A cane toad (shapeshifter) (Vaults:3)
  A gargoyle (D:12)
  3 water nymphs
  5 unseen horrors
  Maggie (D:10)
  9 rime drakes
  10 komodo dragons
  43 yaktaurs
  3 hellions
  A tengu conjurer (Depths:4)
  An elf skeleton (Vaults:4)
  3 spark wasp simulacra (Depths:2)
  4 kobold demonologists (D:12)
  A red devil (Lair:5)
  14 trolls
  2 ancient zymes (Abyss:2)
  3 ice devils (Lair:5)
  10 wind drakes
  21 merfolk
  A queen bee (Orc:1)
  A polar bear (shapeshifter) (D:15)
  A tengu simulacrum (Vaults:4)
  10 snapping turtles
  6 hornets
  A hellwing (Lair:5)
  4 polar bears
  20 blink frogs
  A raiju (shapeshifter) (Elf:3)
  2 tarantellas
  A blink frog (shapeshifter) (D:14)
  2 human simulacra
  An elf zombie (Vaults:2)
  5 raiju (Abyss:2)
  10 dream sheep
  2 stone giant simulacra
  Prince Ribbit (D:5)
  6 spriggans
  A shadow (D:10)
  A spriggan (shapeshifter) (D:13)
  4 wyverns
  28 slime creatures
  12 wraiths
  20 water elementals
  4 air elementals
  55 yaks
  A vampire (D:13)
  A ynoxinul (Abyss:2)
  A fire bat (Abyss:2)
  A yak (shapeshifter) (D:15)
  A death yak simulacrum (IceCv)
  7 fire elementals
  Grum (D:10)
  4 basilisks
  A hog (shapeshifter) (D:14)
  A redback (shapeshifter) (Depths:1)
  A dire elephant simulacrum (IceCv)
  3 neqoxecs (Abyss:2)
  8 redbacks
  10 golden eyes (Abyss:2)
  Menkaure (Ossuary)
  14 vampire mosquitoes
  9 starcursed masses (Abyss:2)
  3 spatial vortices (Abyss:2)
  4 wargs
  A swamp worm (shapeshifter) (Vaults:5)
  45 nagas
  2 acid dragons
  7 glowing shapeshifter zombies
  A hydra simulacrum (IceCv)
  A glowing shapeshifter skeleton (Depths:1)
  26 water moccasins
  8 hell hounds
  A floating eye (shapeshifter) (D:13)
  47 orc warriors
  4 ice beasts (D:10)
  2 sky beasts (D:8)
  2 black bears
  20 wolves
  25 ogres
  17 centaurs
  2 phantoms (D:5)
  4 kobold brigands
  3 glowing shapeshifter simulacra (Depths:2)
  12 bullfrogs
  A naga simulacrum (Abyss:2)
  3 earth elementals
  3 scorpions
  9 wights
  15 small abominations
  3 killer bees (D:10)
  A howler monkey (D:6)
  6 hounds
  A quasit (Abyss:2)
  A jelly (D:4)
  29 orc priests
  An iron imp (Abyss:2)
  A gnoll bouda (D:8)
  2 iguanas
  A sleepcap (D:4)
  21 orc wizards
  7 hell rats
  3 polar bear simulacra (IceCv)
  A wolf simulacrum (IceCv)
  3 mummies (Ossuary)
  9 adders
  6 gnolls
  2 white imps
  3 ufetubi
  2 dart slugs
  104 orcs
  3 endoplasms
  3 giant cockroaches
  6 gnoll zombies (Ossuary)
  4 hobgoblins
  2 jackals (D:2)
  3 quokkas
  11 ball pythons
  5 bats
  4 frilled lizards
  3 gnoll skeletons (Ossuary)
  9 goblins
  4 goblin skeletons (Ossuary)
  6 goblin zombies (Ossuary)
  5 hobgoblin skeletons (Ossuary)
  2 hobgoblin zombies (Ossuary)
  27 kobolds
  4 kobold skeletons (Ossuary)
  5 kobold zombies (Ossuary)
  5 orc skeletons (Ossuary)
  2 orc zombies (Ossuary)
  9 rats
  4 rat skeletons (Ossuary)
  4 rat zombies (Ossuary)
  A spectral weapon (Vaults:3)
  2 starspawn tentacles (Abyss:2)
  6 tentacles
2399 creatures vanquished.

Vanquished Creatures (others)
  A mana viper (Snake:1)
  A deep elf zephyrmancer (Elf:1)
  A dream sheep (Shoals:2)
  A creeping inferno (Zot:2)
  A lurking horror (Abyss:2)
  11 tentacles
16 creatures vanquished.

Grand Total: 2415 creatures vanquished

Notes
Turn   | Place    | Note
-------+----------+-------------------------------------------
     0 | D:1      | yakattack the Troll Shapeshifter began the quest for the
                  | Orb.
     0 | D:1      | Reached XP level 1. HP: 18/18 MP: 0/0
   262 | D:1      | Reached XP level 2. HP: 26/26 MP: 1/1
   640 | D:2      | Reached XP level 3. HP: 30/32 MP: 2/2
  1647 | D:3      | Reached skill level 1 in Fighting
  1648 | D:3      | Reached XP level 4. HP: 32/41 MP: 3/3
  2058 | D:3      | Reached skill level 1 in Shields
  2163 | D:3      | Found a faded altar of an unknown god.
  2274 | D:3      | Found Tonys's Armour Shoppe.
  2491 | D:4      | Noticed a bullfrog
  2499 | D:4      | Killed a bullfrog
  2500 | D:4      | Reached XP level 5. HP: 49/49 MP: 4/4
  2623 | D:4      | Noticed an ogre
  2635 | D:4      | Killed an ogre
  2636 | D:4      | Reached skill level 2 in Fighting
  2636 | D:4      | Reached XP level 6. HP: 57/57 MP: 5/5
  2784 | D:4      | Reached skill level 5 in Unarmed Combat
  2929 | D:4      | Found a staircase to the Ecumenical Temple.
  3097 | Temple   | Entered the Ecumenical Temple
  3133 | Temple   | Became a worshipper of Trog the Wrathful
  3160 | D:5      | Entered Level 5 of the Dungeon
  3170 | D:5      | Noticed a water moccasin
  3184 | D:4      | Reached XP level 7. HP: 64/66 MP: 6/6
  3429 | D:5      | Reached skill level 3 in Fighting
  3501 | D:5      | Found a sparkling altar of Nemelex Xobeh.
  3529 | D:5      | Found a sand-covered staircase.
  3536 | Ossuary  | Entered an ossuary
  3698 | Ossuary  | Reached * piety under Trog
  3894 | Ossuary  | Noticed Menkaure
  3901 | Ossuary  | Killed Menkaure
  3902 | Ossuary  | Reached XP level 8. HP: 75/75 MP: 7/7
  3959 | Ossuary  | Reached ** piety under Trog
  3986 | D:5      | Noticed Prince Ribbit
  3996 | D:5      | Killed Prince Ribbit
  4412 | D:6      | Found a blossoming altar of Fedhas.
  4550 | D:6      | Found a glowing silver altar of Zin.
  4627 | D:6      | Found a hide-covered altar of Uskayaw.
  4740 | D:6      | Reached skill level 4 in Fighting
  4792 | D:6      | Reached skill level 5 in Shapeshifting
  4826 | D:6      | Found a shadowy altar of Dithmenos.
  4828 | D:6      | Found a shimmering altar of Xom.
  4933 | D:6      | Found Kiulen's General Store.
  4959 | D:6      | Bought a scroll of fear for 56 gold pieces
  5434 | D:7      | Noticed Jeremiah
  5516 | D:7      | Identified the +7 chain mail of Watchfulness {rPois}
  5892 | D:7      | Reached XP level 9. HP: 85/85 MP: 8/8
  6135 | D:8      | Reached skill level 1 in Evocations
  6583 | D:8      | Found Jehit's Overcharged Wands.
  6942 | D:8      | Found an ornate altar of the Wu Jian Council.
  6969 | D:9      | Found Gozag's Platinum Reserve.
  6969 | D:9      | Found an opulent altar of Gozag.
  7044 | D:9      | Noticed a troll
  7065 | D:9      | Killed a troll
  7114 | D:9      | Reached *** piety under Trog
  7283 | D:9      | Found an iron altar of Okawaru.
  7444 | D:9      | Noticed a troll
  7453 | D:9      | Reached XP level 10. HP: 94/94 MP: 9/9
  7481 | D:9      | Noticed a two-headed ogre
  7502 | D:9      | Killed a two-headed ogre
  7603 | D:9      | Found a basalt altar of Yredelemnul.
  7950 | D:10     | Entered Level 10 of the Dungeon
  7960 | D:10     | Reached skill level 10 in Shapeshifting
  8112 | D:10     | Noticed Maggie
  8118 | D:10     | Killed Maggie
  8211 | D:10     | Found a staircase to the Lair.
  8522 | D:10     | Reached XP level 11. HP: 92/101 MP: 10/10
  8557 | D:10     | Found a shimmering blue altar of Sif Muna.
  8656 | D:10     | Noticed Grum
  8664 | D:10     | Noticed Fannar
  8667 | D:10     | Killed Grum
  8679 | D:10     | Killed Fannar
  8909 | D:10     | Found a hazy altar of Hepliaklqana.
  9298 | Lair:1   | Entered Level 1 of the Lair of Beasts
  9298 | Lair:1   | Found a transporter.
  9304 | Lair:1   | Reached **** piety under Trog
  9491 | D:7      | Killed Jeremiah
  9492 | D:7      | Reached skill level 5 in Fighting
  9564 | D:7      | Identified the +2 sling of Jeph {flame, Int+4 SInv}
 10384 | Lair:1   | Noticed Fomudeo's ghost (journeyman OpFi)
 10541 | Lair:1   | Reached skill level 10 in Unarmed Combat
 10876 | Lair:1   | Noticed an oklob plant
 10910 | Lair:1   | Found a transporter.
 10970 | Lair:1   | Reached XP level 12. HP: 111/111 MP: 11/11
 11078 | Lair:1   | Identified the +5 quarterstaff of Yniyth {elec, rN+ Str+3
                  | SInv Stlth+}
 11401 | Lair:1   | Reached skill level 5 in Evocations
 11978 | Lair:2   | Noticed an eight-headed hydra
 12419 | Lair:2   | Noticed a death yak
 12419 | Lair:2   | Noticed a death yak
 12419 | Lair:2   | Noticed a death yak
 12419 | Lair:2   | Noticed a death yak
 12419 | Lair:2   | Noticed a death yak
 12419 | Lair:2   | Noticed a death yak
 12448 | Lair:2   | Killed a death yak
 12457 | Lair:2   | Killed a death yak
 12459 | Lair:2   | Killed a death yak
 12502 | Lair:2   | Killed a death yak
 12511 | Lair:2   | Killed a death yak
 12513 | Lair:2   | Killed a death yak
 12885 | Lair:2   | Killed a 16-headed hydra
 13211 | Lair:3   | Noticed a six-headed hydra
 13247 | Lair:3   | Killed a six-headed hydra
 13459 | Lair:3   | Reached skill level 15 in Shapeshifting
 13618 | Lair:3   | Reached XP level 13. HP: 117/118 MP: 10/12
 13834 | Lair:3   | Found a staircase to the Snake Pit.
 14634 | Lair:3   | Found a staircase to the Shoals.
 16234 | Lair:5   | Entered Level 5 of the Lair of Beasts
 17115 | Lair:5   | Reached XP level 14. HP: 89/127 MP: 7/13
 17345 | Lair:5   | Found a staircase to the Slime Pits.
 18489 | Lair:5   | Found a burning altar of Makhleb.
 18526 | Lair:5   | Found a gateway to Hell.
 19185 | D:11     | Found a staircase to the Orcish Mines.
 19433 | D:11     | Reached ***** piety under Trog
 19572 | D:12     | Noticed Frances
 19591 | D:12     | Found a frozen archway.
 19603 | IceCv    | Entered an ice cave
 19871 | IceCv    | Identified the +0 leather armour "Leor" {rF+ rC+ Slay+3}
 19916 | D:12     | Received a gift from Trog
 19967 | D:12     | Noticed Rupert
 19976 | D:12     | Killed Rupert
 20155 | D:12     | Killed Frances
 20320 | D:12     | Identified the +2 robe "Egangasch" {Harm rN+ Will+ Regen+}
 20764 | Orc:1    | Entered Level 1 of the Orcish Mines
 20805 | Orc:1    | Noticed Sonja
 20808 | Orc:1    | Sonja changed into Sonja the queen bee
 20808 | Orc:1    | Noticed Sonja
 20819 | Orc:1    | Killed Sonja the queen bee
 20824 | Orc:1    | Noticed Maurice
 20833 | Orc:1    | Killed Maurice
 20941 | Orc:1    | Noticed Josephine
 20952 | Orc:1    | Killed Josephine
 20953 | Orc:1    | Reached XP level 15. HP: 111/133 MP: 12/14
 21241 | Orc:2    | Entered Level 2 of the Orcish Mines
 21642 | Orc:2    | Noticed Azrael
 21647 | Orc:2    | Received a gift from Trog
 21652 | Orc:2    | Killed Azrael
 22116 | Orc:2    | Found Vicwonnua's Book Emporium.
 22286 | Orc:2    | Found Viollie's Antique Weapon Shoppe.
 22382 | Orc:2    | Identified the +10 quick blade of Pandemonium {heavy, rElec
                  | rF+ Int-2} (Trog gifted it to you on level 2 of the Orcish
                  | Mines)
 22382 | Orc:2    | Received a gift from Trog
 22531 | Orc:2    | Found a staircase to the Elven Halls.
 22645 | Orc:2    | Found Otovvuf's Weapon Shop.
 22675 | Orc:2    | Found Oditz's Book Boutique.
 22797 | Orc:2    | Paralysed by an orc sorcerer for 5 turns
 22903 | Orc:2    | Bought a manual of Shapeshifting for 1040 gold pieces
 23062 | D:8      | Bought a wand of digging (11) for 693 gold pieces
 23611 | D:13     | Reached skill level 6 in Fighting
 23877 | D:13     | Found a gate to the Vaults.
 24228 | D:13     | Found a portal to a secret trove of treasure.
 24283 | D:14     | Noticed Nessos
 24286 | D:14     | Killed Nessos
 24381 | D:14     | Identified the +3 sling of the Burning Stork {speed, rElec
                  | Dex+3}
 24465 | D:14     | Received a gift from Trog
 24799 | D:14     | Found a white marble altar of Elyvilon.
 24816 | D:14     | Found a glowing golden altar of the Shining One.
 24817 | D:14     | Found a glowing silver altar of Zin.
 24918 | D:15     | Entered Level 15 of the Dungeon
 25087 | D:15     | Reached XP level 16. HP: 140/146 MP: 15/15
 25145 | D:15     | Found a staircase to the Depths.
 25366 | D:15     | Reached skill level 5 in Dodging
 25527 | D:15     | Found a runed translucent door.
 25591 | D:15     | Reached skill level 7 in Fighting
 25604 | D:15     | Identified the ring "Asamn" {rF+ SInv}
 25604 | D:15     | Noticed a tengu reaver
 25613 | D:15     | Killed a tengu reaver
 25684 | D:15     | Identified a scroll of acquirement
 25685 | D:15     | Acquired a manual of Fighting
 26133 | Snake:1  | Entered Level 1 of the Snake Pit
 26323 | Snake:1  | Reached skill level 8 in Fighting
 26475 | Snake:1  | Received a gift from Trog
 26931 | Snake:2  | Reached skill level 9 in Fighting
 26962 | Snake:2  | Identified the +10 great sword "Tudaom" {pain, rElec rPois
                  | rC- SInv}
 26982 | Snake:2  | Found Tiesched's Antique Weapon Shoppe.
 27004 | Snake:2  | Found a glowing golden altar of the Shining One.
 27379 | Snake:2  | Reached skill level 10 in Fighting
 27519 | Snake:2  | Found Quokop's Jewellery Shoppe.
 27520 | Snake:2  | Found Tesokupt's Book Shop.
 27520 | Snake:2  | Found Diunk's Book Shop.
 27763 | Snake:3  | Received a gift from Trog
 27764 | Snake:3  | Reached XP level 17. HP: 167/167 MP: 16/16
 27931 | Snake:3  | Reached skill level 11 in Fighting
 28234 | Snake:3  | Found Lyce's Vocational Training.
 28718 | Snake:4  | Entered Level 4 of the Snake Pit
 28976 | Snake:4  | Reached skill level 12 in Fighting
 28984 | Snake:4  | Noticed Vashnia
 28992 | Snake:4  | Killed Vashnia
 29088 | Snake:4  | Noticed Aizul
 29111 | Snake:4  | Killed Aizul
 29206 | Snake:4  | Found Getros's Weapon Emporium.
 29255 | Snake:4  | Received a gift from Trog
 29540 | Snake:4  | Reached skill level 13 in Fighting
 29784 | Snake:4  | Reached skill level 10 in Dodging
 29909 | Snake:4  | Identified the +0 ring mail of the Sun {Dex+8}
 29995 | Snake:4  | Reached skill level 14 in Fighting
 30061 | Snake:4  | Reached ****** piety under Trog
 30097 | Snake:4  | Received a gift from Trog
 30104 | Snake:4  | Reached XP level 18. HP: 191/191 MP: 14/17
 30170 | Snake:4  | Got a serpentine rune of Zot
 30516 | Shoals:1 | Entered Level 1 of the Shoals
 30669 | Shoals:1 | Reached skill level 15 in Fighting
 31589 | Shoals:2 | Received a gift from Trog
 31709 | Shoals:2 | Found a transporter.
 31714 | Shoals:2 | Found a transporter.
 31714 | Shoals:2 | Noticed Dega's ghost (adept SpHu)
 31721 | Shoals:2 | Identified the +0 scale mail "Vaemoum" {rF- Int+3 Dex+3}
 32103 | Shoals:2 | Found Dyta Xott's Antique Weapon Shoppe.
 32353 | Shoals:2 | Killed Dega's ghost
 32993 | Shoals:3 | Found a sparkling altar of Nemelex Xobeh.
 33399 | Shoals:4 | Entered Level 4 of the Shoals
 33626 | Shoals:4 | Received a gift from Trog
 33997 | Shoals:4 | Reached XP level 19. HP: 159/204 MP: 14/18
 34174 | Shoals:4 | Reached skill level 16 in Fighting
 34215 | Shoals:4 | Got a barnacled rune of Zot
 34904 | Vaults:1 | Entered Level 1 of the Vaults
 34946 | Vaults:1 | Acquired a manual of Dodging
 35112 | Vaults:1 | Received a gift from Trog
 35735 | Vaults:1 | Received a gift from Trog
 36600 | Vaults:2 | Reached XP level 20. HP: 174/217 MP: 15/19
 36983 | Vaults:2 | Reached skill level 17 in Fighting
 37030 | Vaults:2 | You are sucked into a shaft and drop 1 floor!
 37047 | Vaults:3 | Received a gift from Trog
 37288 | Vaults:3 | Noticed Frederick
 37310 | Vaults:3 | Killed Frederick
 37548 | Vaults:3 | Noticed Asterion
 37556 | Vaults:3 | Killed Asterion
 37556 | Vaults:3 | Received a gift from Trog
 37658 | Vaults:3 | Reached skill level 15 in Dodging
 38177 | Vaults:3 | Found a staircase to the Crypt.
 38948 | Vaults:4 | Received a gift from Trog
 39296 | Vaults:4 | Reached skill level 10 in Evocations
 39490 | Vaults:4 | Reached XP level 21. HP: 228/228 MP: 20/20
 40099 | Depths:1 | Entered Level 1 of the Depths
 40379 | Depths:1 | Received a gift from Trog
 40468 | Depths:1 | Found a one-way gate to the infinite horrors of the Abyss.
 40565 | Depths:1 | Reached skill level 18 in Fighting
 40644 | Depths:1 | Found Xowuorha's Antique Armour Emporium.
 40648 | Depths:1 | Found Goceem's Assorted Antiques.
 40649 | Depths:1 | Found Yrhythri's Magic Scroll Emporium.
 40772 | Depths:1 | Found a radiant altar of Vehumet.
 41562 | Depths:1 | Found a hazy altar of Hepliaklqana.
 41851 | Depths:2 | Found a glowing silver altar of Zin.
 41887 | Depths:2 | Received a gift from Trog
 42517 | Depths:2 | Noticed the Enchantress
 42525 | Depths:2 | Received a gift from Trog
 42529 | Depths:2 | Killed the Enchantress
 42933 | Depths:2 | Reached XP level 22. HP: 224/241 MP: 19/21
 43064 | Depths:2 | Found a one-way gateway to a ziggurat.
 43459 | Depths:2 | Found a one-way gate leading to the halls of Pandemonium.
 43862 | Depths:3 | Received a gift from Trog
 44268 | Depths:4 | Entered Level 4 of the Depths
 44314 | Abyss:2  | Cast into level 2 of the Abyss (spriggan defender)
 44462 | Abyss:2  | Reached skill level 19 in Fighting
 44502 | Abyss:2  | Found a corrupted altar of Lugonu.
 44509 | Abyss:2  | Found a corrupted altar of Lugonu.
 44518 | Abyss:2  | Found a corrupted altar of Lugonu.
 44686 | Abyss:2  | Received a gift from Trog
 44720 | Abyss:2  | Found a corrupted altar of Lugonu.
 44769 | Depths:4 | Escaped the Abyss
 45055 | Depths:4 | Found a basalt altar of Yredelemnul.
 45129 | Depths:4 | Received a gift from Trog
 45412 | Depths:4 | Noticed a golden dragon
 45432 | Depths:4 | Killed a golden dragon
 45443 | Depths:4 | Reached skill level 15 in Unarmed Combat
 45554 | Depths:4 | Found a gate to the Realm of Zot.
 46207 | Elf:1    | Entered Level 1 of the Elven Halls
 46319 | Elf:1    | You are sucked into a shaft and drop 1 floor!
 46475 | Elf:2    | Received a gift from Trog
 46495 | Elf:2    | Reached XP level 23. HP: 233/254 MP: 20/22
 46677 | Elf:2    | Reached skill level 20 in Fighting
 46680 | Elf:2    | Found a runed translucent gate.
 46680 | Elf:2    | Found a runed translucent gate.
 46685 | Elf:2    | Found a runed translucent gate.
 46741 | Elf:2    | Found a shimmering blue altar of Sif Muna.
 47234 | Elf:2    | Received a gift from Trog
 47571 | Elf:3    | Entered Level 3 of the Elven Halls
 47625 | Elf:3    | Noticed Mara
 47632 | Elf:3    | Killed Mara
 47980 | Elf:3    | Paralysed by an air elemental for 1 turns
 48636 | Elf:3    | Identified the +8 dagger of Quhegang {flame, Fly rElec
                  | Str-3 Dex+3 Stlth+} (Trog gifted it to you on level 3 of
                  | the Elven Halls)
 48636 | Elf:3    | Received a gift from Trog
 48651 | Elf:3    | Found the +4 skin of Zhor {*Englaciate rC+++ SInv}
 48704 | Elf:3    | Identified the ring of Jiputin {*Corrode Fly rC++ Str-2
                  | Slay+4}
 48709 | Elf:3    | Identified the ring "Yschuo Gevix" {rElec AC+4 Str-5 Dex+3
                  | SInv}
 48712 | Elf:3    | Identified the +8 spear of Watchfulness {flame, rPois rF-
                  | Str+4 Int+4}
 48729 | Elf:3    | Identified the +6 shortbow "Xacvete" {flame, Int+3}
 48853 | Abyss:2  | Cast into level 2 of the Abyss (a deep elf sorcerer)
 48945 | Elf:3    | Escaped the Abyss
 49339 | Elf:3    | Identified the +2 scale mail of Leximefats {rPois rF+}
 49471 | Elf:1    | Found Neseneib's Magic Scroll Emporium.
 49790 | Elf:1    | Identified the +5 battleaxe of the Establishment {flame,
                  | Dex+3} (Trog gifted it to you on level 1 of the Elven
                  | Halls)
 49790 | Elf:1    | Received a gift from Trog
 50424 | D:9      | Bought the +2 helmet of the Imp {Fly rPois Will+ Stlth+}
                  | for 3620 gold pieces
 50564 | D:13     | You paid a toll of the helmet of the Imp to enter a
                  | treasure trove
 50565 | Trove    | Entered a treasure trove
 50569 | Trove    | Identified the +7 demon blade of the Reasonable God {vamp,
                  | rPois Will- Stlth+}
 50602 | Trove    | Identified the scarf "Voig" {harm, rElec rC- SInv}
 50622 | Trove    | Identified the ring "Awits" {Str+3 Int-3 Slay+4 SInv}
 50882 | Vaults:5 | Entered Level 5 of the Vaults
 50900 | Vaults:5 | Noticed a dread lich
 50965 | Vaults:5 | Identified the +0 morningstar of Beuvoem {heavy, rCorr}
 50991 | Vaults:5 | Reached XP level 24. HP: 238/267 MP: 21/22
 51075 | Vaults:5 | Got a silver rune of Zot
 51109 | Vaults:5 | Killed a dread lich
 51142 | Vaults:5 | Reached skill level 21 in Fighting
 51220 | Vaults:5 | Identified the amulet of Agnosticism {Spirit Stlth+}
 51224 | Vaults:5 | Noticed a dread lich
 51226 | Vaults:5 | Noticed a dread lich
 51229 | Vaults:5 | Received a gift from Trog
 51298 | Vaults:5 | Noticed a dread lich
 51306 | Vaults:5 | Killed a dread lich
 51348 | Vaults:5 | Identified the ring "Fimoho" {rN+ Will+}
 51446 | Vaults:5 | Killed a dread lich
 51456 | Vaults:4 | Reached skill level 22 in Fighting
 51524 | Vaults:5 | Killed a dread lich
 51887 | Vaults:5 | Identified the +1 falchion "Baimy" {heavy, rN+ MP+9 Dex-4}
 52067 | Vaults:5 | Identified the ring of Zilatige {+Blink rCorr AC+4 Int-5}
 52649 | Depths:1 | Bought a dented steel amulet for 160 gold pieces
 52649 | Depths:1 | Bought a scroll of immolation for 128 gold pieces
 52649 | Depths:1 | Bought a scroll of blinking for 240 gold pieces
 52989 | Elf:1    | Bought 2 scrolls of blinking for 240 gold pieces
 53868 | Zot:1    | Entered Level 1 of the Realm of Zot
 54009 | Zot:1    | Received a gift from Trog
 54248 | Zot:1    | You are sucked into a shaft and drop 1 floor!
 54258 | Zot:2    | Noticed an orb of fire
 54261 | Zot:2    | Gained mutation: You occasionally shout uncontrollably at
                  | your foes. [an orb of fire]
 54275 | Zot:2    | Gained mutation: Your body sometimes deteriorates upon
                  | taking damage. [an orb of fire]
 54277 | Zot:2    | Killed an orb of fire
 54404 | Zot:2    | Reached XP level 25. HP: 258/284 MP: 20/22
 55349 | Depths:3 | Reached skill level 23 in Fighting
 55415 | Depths:3 | Identified the +7 rapier of Action {speed, +Blink rC+ Int+2
                  | Dex+3}
 55509 | Depths:3 | Identified the staff of the Fulmar {rF+ Str+3 Fire}
 55819 | Lair:1   | Received a gift from Trog
 55821 | Lair:1   | Killed Fomudeo's ghost
 56284 | Zot:2    | Identified the +4 rapier "Neuschoff" {freeze, Int+3}
 56504 | Zot:3    | Noticed a Killer Klown
 56509 | Zot:3    | Killed a Killer Klown
 56590 | Zot:4    | Noticed an orb of fire
 56619 | Zot:4    | Killed an orb of fire
 57361 | Zot:4    | Identified the +1 troll leather armour "Bunoacze" {Regen+
                  | Str-4 Slay+5}
 57731 | Zot:4    | Received a gift from Trog
 57793 | Zot:5    | Entered Level 5 of the Realm of Zot
 58043 | Zot:5    | Noticed an orb of fire
 58050 | Zot:5    | Killed an orb of fire
 58050 | Zot:5    | Noticed an orb of fire
 58062 | Zot:5    | Killed an orb of fire
 58062 | Zot:5    | Noticed an orb of fire
 58063 | Zot:5    | Reached skill level 24 in Fighting
 58064 | Zot:5    | Gained mutation: You frequently scream uncontrollably at
                  | your foes. [an orb of fire]
 58068 | Zot:5    | Killed an orb of fire
 58069 | Zot:5    | Noticed a dread lich
 58071 | Zot:5    | Killed a dread lich
 58071 | Zot:5    | Noticed an orb of fire
 58075 | Zot:5    | Gained mutation: Armour fits poorly on your strangely
                  | shaped body. [an orb of fire]
 58079 | Zot:5    | Killed an orb of fire
 58079 | Zot:5    | Noticed an orb of fire
 58080 | Zot:5    | Reached XP level 26. HP: 226/300 MP: 16/22
 58082 | Zot:5    | Gained mutation: Your body often deteriorates upon taking
                  | damage. [an orb of fire]
 58084 | Zot:5    | Killed an orb of fire
 58085 | Zot:5    | Noticed an orb of fire
 58089 | Zot:5    | Gained mutation: You occasionally lose the ability to drink
                  | potions when taking damage. [an orb of fire]
 58094 | Zot:5    | Killed an orb of fire
 58094 | Zot:5    | Noticed an orb of fire
 58098 | Zot:5    | Killed an orb of fire
 58098 | Zot:5    | Noticed an orb of fire
 58105 | Zot:5    | Killed an orb of fire
 58105 | Zot:5    | Noticed an orb of fire
 58109 | Zot:5    | Gained mutation: Your magical capacity is low. (-10% MP)
                  | [an orb of fire]
 58111 | Zot:5    | Gained mutation: You are vulnerable to heat. (rF-) [an orb
                  | of fire]
 58112 | Zot:5    | Gained mutation: You are vulnerable to cold. (rC-) [an orb
                  | of fire]
 58116 | Zot:5    | Killed an orb of fire
 58133 | Zot:5    | Noticed an orb of fire
 58142 | Zot:5    | Gained mutation: You sometimes lose your temper in combat.
                  | [an orb of fire]
 58145 | Zot:5    | Killed an orb of fire
 58145 | Zot:5    | Noticed an orb of fire
 58146 | Zot:5    | Gained mutation: You occasionally lose the ability to read
                  | scrolls when taking damage. [an orb of fire]
 58149 | Zot:5    | Killed an orb of fire
 58149 | Zot:5    | Noticed an orb of fire
 58150 | Zot:5    | Gained mutation: You are clumsy. (Dex -2) [an orb of fire]
 58154 | Zot:5    | Killed an orb of fire
 58154 | Zot:5    | Noticed an ancient lich
 58159 | Zot:5    | Killed an ancient lich
 58184 | Zot:5    | Lost mutation: Your body often deteriorates upon taking
                  | damage. [potion of mutation]
 58184 | Zot:5    | Lost mutation: You occasionally lose the ability to drink
                  | potions when taking damage. [potion of mutation]
 58184 | Zot:5    | Gained mutation: You are dopey. (Int -2) [potion of
                  | mutation]
 58184 | Zot:5    | Lost mutation: You are dopey. (Int -2) [potion of mutation]
 58185 | Zot:5    | Lost mutation: You are vulnerable to heat. (rF-) [potion of
                  | mutation]
 58185 | Zot:5    | Lost mutation: You are clumsy. (Dex -2) [potion of
                  | mutation]
 58185 | Zot:5    | Lost mutation: You sometimes lose your temper in combat.
                  | [potion of mutation]
 58185 | Zot:5    | Gained mutation: You have sharp toenails. [potion of
                  | mutation]
 58186 | Zot:5    | Lost mutation: Your body sometimes deteriorates upon taking
                  | damage. [potion of mutation]
 58186 | Zot:5    | Lost mutation: Armour fits poorly on your strangely shaped
                  | body. [potion of mutation]
 58186 | Zot:5    | Gained mutation: You are covered in thick fur. (AC +2)
                  | [potion of mutation]
 58186 | Zot:5    | Lost mutation: You have sharp toenails. [potion of
                  | mutation]
 58186 | Zot:5    | Gained mutation: You have hidden genetic potential. [potion
                  | of mutation]
 58186 | Zot:5    | Gained mutation: Your mind is acute. (Int +4, Str/Dex -1)
                  | [potion of mutation]
 58187 | Zot:5    | Lost mutation: You are covered in thick fur. (AC +2)
                  | [potion of mutation]
 58187 | Zot:5    | Lost mutation: You frequently scream uncontrollably at your
                  | foes. [potion of mutation]
 58187 | Zot:5    | Lost mutation: You occasionally shout uncontrollably at
                  | your foes. [potion of mutation]
 58187 | Zot:5    | Gained mutation: You have great hidden genetic potential.
                  | [potion of mutation]
 58188 | Zot:5    | Lost mutation: Your mind is acute. (Int +4, Str/Dex -1)
                  | [potion of mutation]
 58188 | Zot:5    | Lost mutation: You have great hidden genetic potential.
                  | [potion of mutation]
 58188 | Zot:5    | Lost mutation: You occasionally lose the ability to read
                  | scrolls when taking damage. [potion of mutation]
 58188 | Zot:5    | Gained mutation: You are occasionally teleported next to
                  | monsters. [potion of mutation]
 58188 | Zot:5    | Gained mutation: Your system is resistant to poisons.
                  | (rPois) [potion of mutation]
 58189 | Zot:5    | Lost mutation: You have hidden genetic potential. [potion
                  | of mutation]
 58189 | Zot:5    | Lost mutation: Your system is resistant to poisons. (rPois)
                  | [potion of mutation]
 58189 | Zot:5    | Gained mutation: You are agile. (Dex +4, Str/Int -1)
                  | [potion of mutation]
 58189 | Zot:5    | Gained mutation: Your muscles are strong. (Str +4, Int/Dex
                  | -1) [potion of mutation]
 58190 | Zot:5    | Lost mutation: Your muscles are strong. (Str +4, Int/Dex
                  | -1) [potion of mutation]
 58190 | Zot:5    | Lost mutation: You are vulnerable to cold. (rC-) [potion of
                  | mutation]
 58190 | Zot:5    | Lost mutation: You are occasionally teleported next to
                  | monsters. [potion of mutation]
 58190 | Zot:5    | Gained mutation: You are partially covered in iridescent
                  | scales. (AC +2) [potion of mutation]
 58190 | Zot:5    | Gained mutation: Your flesh is cold resistant. (rC+)
                  | [potion of mutation]
 58210 | Zot:5    | Noticed a dread lich
 58223 | Zot:5    | Killed a dread lich
 58359 | Zot:5    | Noticed a dread lich
 58368 | Zot:5    | Killed a dread lich
 59493 | Zot:5    | Identified the +3 chain mail "Fumyoxoq" {rC+}
 59681 | Zot:5    | Got the Orb of Zot
 60232 | D:2      | Noticed Coluo the pandemonium lord
 60253 | D:$      | Escaped with the Orb!

Illustrated notes

Levels and vault maps discovered:
D:1:      scummos_arrival_simple_crosswalls, layout_rooms
D:2:      layout_basic, minmay_hedge_maze, lightli_corner_chamber
D:3:      layout_loops_cross, chequers_ecumenical_altar_simple, serial_shops,
          shop, minmay_stone_trees_small
D:4:      layout_rooms, minmay_temple_entry_statues_pillars, serial_bayou_pond_c
D:5:      layout_rooms, mainiacjoe_overflow_surrounded_room, enter_ossuary_2,
          grunt_decor_arrowhead, nicolae_the_louvre, uniq_prince_ribbit1
D:6:      layout_loops_ring, lemuel_tele_altar, jmf_multi_god_temple,
          mainiacjoe_overflow_large_starburst, serial_shops, nicolae_shop_trees
D:7:      layout_basic, uniq_menkaure, uniq_jeremiah
D:8:      layout_loops_ring, nicolae_wu_jian_glorious_leap,
          nicolae_shop_overcharged_wands
D:9:      layout_loops_ring, nicolae_gozag_zags_fifth_avenue,
          kennysheep_mini_moat, mainiacjoe_overflow_paths, grunt_ministairs_3,
          skrybe_limestone_x
D:10:     layout_loops_corners, mainiacjoe_overflow_24_doors,
          mainiacjoe_overflow_alcove_2, hellmonk_lair_entry_icy, uniq_fannar,
          uniq_maggie, uniq_grum
D:11:     layout_roguey, david_orc_1_choice
D:12:     layout_loops_ring, portal_ice_cave_rime, nicolae_eternal_life,
          uniq_rupert, uniq_frances
D:13:     layout_loops_ring, david_vaults_4, enter_trove_6, minmay_between
D:14:     layout_rooms, good_gods_temple_1, uniq_nessos
D:15:     gammafunk_depths_entry_grave, layout_long_grid, serial_park_tiny_1,
          serial_bayou, serial_bayou_shore_b, serial_bayou_pond_d,
          serial_bayou_pond_d, minivault_13
Temple:   nicolae_temple_bog_church
Lair:1:   layout_cave_pods, nzn_ghost_randoct
Lair:2:   layout_roguey
Lair:3:   layout_chaotic_city, minmay_shoals_entry_centaurs,
          minmay_snake_entry_six_corridors, gammafunk_lair_bear_cave
Lair:4:   layout_regular_city
Lair:5:   evil_forest, layout_gridlike, slime_entry_1, wad_woods_road_05,
          serial_bayou_shore_b, grunt_megastairs_5
Shoals:1: layout_shoals, nicolae_shoals_cliffside_cave, dpeg_stationary_puzzle
Shoals:2: layout_shoals, serial_shops, nicolae_shop_waterfront,
          gammafunk_ghost_arena, st_shoals_ruin
Shoals:3: layout_shoals, lemuel_centaur_altar
Shoals:4: shoals_end_grunt_ice, layout_shoals
Snake:1:  layout_misc_corridors, hangedman_snake_corridor_cut
Snake:2:  layout_rooms, basic_altar, serial_shops, shop, minmay_shop_grove
Snake:3:  layout_cave_shapes, nicolae_shop_vocational, grunt_megastairs_1
Snake:4:  grunt_snake_rune_spirals, layout_onion, serial_shops, shop,
          serial_bayou_crossing, uniq_vashnia, uniq_aizul
Orc:1:    layout_diamond_mine, lightli_orcish_oven, uniq_maurice,
          uniq_josephine, uniq_sonja
Orc:2:    pubby_orc_utopia, uniq_azrael
Elf:1:    layout_geoelf_grid, serial_shops, nicolae_shop_pleasant_corner_grove,
          minmay_elf_crystal_hexagon
Elf:2:    nicolae_elf_blades_splatter_lattice [nicolae_blade_entry_pointy_end],
          layout_loops_ring, basic_altar, dk_noncrumbling_2
Elf:3:    elf_hall, layout_geoelf_octagon, uniq_mara
Vaults:1: nicolae_vaults_variable_pillar_hall, nicolae_vaults_big_angled_halls,
          nicolae_vaults_heart-shaped_vault, vaults_room_grid,
          nicolae_vaults_security_offices_6, nicolae_vaults_meiosis,
          nicolae_vaults_closet_pinwheel_2, nicolae_vaults_two_Ls,
          ontoclasm_vaults_claustrophobia, grunt_vaults_hallway_short,
          nicolae_vaults_network_quinsquares
          [nicolae_vaults_network_quincunx_subvault,
          nicolae_vaults_network_quincunx_subvault,
          nicolae_vaults_network_quincunx_subvault,
          nicolae_vaults_network_quincunx_subvault], v_alt_pattern_4,
          vaults_room_grunt_arrival_ludios, nicolae_vaults_hexular_roomagon,
          grunt_vaults_funnel, layout_vaults_omnibox
Vaults:2: nicolae_vaults_shrinking_rooms_2, ontoclasm_vaults_spin,
          nicolae_vaults_variable_pillar_hall_cross, nicolae_vaults_trapezoid_2,
          st_octagons_2, hangedman_vaults_restitches, vaults_mumra_chevron,
          nicolae_vaults_little_squares_1, nicolae_vaults_sesquioval_fish,
          nicolae_vaults_angled_halls, v_misc_4, nicolae_vaults_sightless_eye,
          nicolae_vaults_specimen_jars, nicolae_vaults_tetromino_T_1,
          layout_vaults_ring
Vaults:3: minmay_crypt_entry_simple_plaza, nicolae_vaults_six-pack,
          nicolae_vaults_double_plus_2, ontoclasm_vaults_gallery,
          nicolae_vaults_little_squares_4, v_alt_pattern_3,
          nicolae_vaults_sesquioval_fish, v_misc_12, v_rooms_4, v_misc_17,
          vaults_dpeg_encased_lava, layout_vaults_omnigrid, uniq_frederick,
          uniq_margery, uniq_asterion
Vaults:4: vaults_mumra_minichess, grunt_vaults_focal, v_rooms_5,
          nicolae_vaults_bisected_exclaves, vaults_dpeg_hooks,
          vaults_mumra_chevron_long, hangedman_vaults_cutoff, st_cells,
          v_misc_1, vaults_room_fancy_cross, nicolae_vaults_closet_pinwheel_4,
          v_misc_22, ontoclasm_vaults_twist, nicolae_vaults_diamond_2,
          nicolae_vaults_hexular_roomagon, vaults_dpeg_cross,
          layout_vaults_big_cross
Vaults:5: serial_shops
Depths:1: layout_honeycomb, nicolae_vehumet_altar_sigil, minmay_room_of_horrors,
          grunt_hell_entry_dis_mu, nicolae_hepliaklqana_monster_ancestors,
          minmay_shop_star, grunt_megastairs_4, serial_bayou_shore_b
Depths:2: dreamdust_under_siege, layout_basic, enter_ziggurat_c,
          reono_crystal_passage, rand_demon_pan_entry_9, hangedman_coc_ice_floe,
          serial_bayou_shore_a, infiniplex_staircase_pillars_2, uniq_enchantress
Depths:3: cheibrodos_poisonous_passages, layout_gridlike, minmay_door_square,
          rand_demon_pan_entry_5, hell_entry, abyss_entry_crystal
Depths:4: evilmike_zot_entry_hall, layout_gridville, pf_hell_entry_tar_spiral,
          serial_sigils_hangedman_carve, abyss_entry,
          nicolae_yredelemnul_corpse_copse
Zot:1:    layout_onion, grunt_megastairs_2
Zot:2:    nicolae_zot_draconian_monastery, layout_concentric_octagons,
          hangedman_hellfire_club
Zot:3:    layout_cathedral_of_symmetry, hangedman_elemental_grid_stream,
          uniq_josephina
Zot:4:    layout_gridlike, bh_zot_lava_cross
Zot:5:    layout_misc_corridors

Skill      XL: |  1  2  3  4  5  6  7  8  9 10 11 12 13 14 15 16 17 18 19 20 21 22 23 24 25 26 |
---------------+-------------------------------------------------------------------------------+-----
Shapeshifting  | 4 5 8 11 12 15 17 19 20 21 22 23 | 23.0
Fighting       | 1 2 3 4 5 6 10 14 15 16 17 18 19 20 22 24 | 24.9
Shields        | 1 2 3 |  3.3
Unarmed Combat | 4 5 6 8 10 12 15 19 | 19.0
Evocations     | 1 4 5 6 8 10 11 12 | 12.0
Dodging        | 4 7 10 11 13 15 16 18 20 21 | 21.2

Action                     |  1- 3 |  4- 6 |  7- 9 | 10-12 | 13-15 | 16-18 | 19-21 | 22-24 | 25-27 || total
---------------------------+-------+-------+-------+-------+-------+-------+-------+-------+-------++-------
  Melee: Unarmed           |    79 |   103 |   305 |   573 |  1249 |   942 |   995 |  1128 |   579 ||  5953
         Constrict         |       |       |     1 |    45 |    43 |       |       |       |       ||    89
         Punch             |       |       |       |       |    32 |    70 |    80 |   115 |    74 ||   371
 Invoke: Berserk           |       |       |     6 |    13 |    17 |     8 |    15 |    13 |     5 ||    77
         Trog's Hand       |       |       |     2 |     6 |    15 |     9 |    20 |    29 |    11 ||    92
         Brothers in Arms  |       |       |       |     1 |       |       |       |       |       ||     1
Ability: Blinkbolt         |       |       |       |       |    11 |    28 |    34 |    19 |     7 ||    99
  Evoke: Wand              |       |       |     2 |     2 |     4 |       |     1 |    17 |     3 ||    29
         Phial of floods   |       |       |       |       |       |       |     1 |       |       ||     1
    Use: Scroll            |     2 |     1 |     3 |     1 |    16 |     3 |     3 |     3 |     6 ||    38
         Potion            |       |       |     3 |     7 |       |       |     1 |     1 |    12 ||    24
   Stab: Distracted        |       |       |       |       |     1 |     1 |     1 |     1 |     1 ||     5
         Sleeping          |       |       |       |       |     3 |       |       |       |     1 ||     4
 Armour: Animal skin       |    26 |    34 |    39 |       |       |       |       |       |       ||    99
         Skin              |       |       |       |   107 |   207 |   138 |   131 |   144 |    42 ||   769
         Swamp dragon scal |       |       |       |   138 |   181 |       |       |       |       ||   319
  Dodge: Dodged            |    30 |    43 |    65 |   248 |   782 |  1271 |  1313 |  1158 |   496 ||  5406
  Block: Kite shield       |     2 |    40 |    69 |       |       |       |       |     9 |     8 ||   128
   Form: Anaconda          |       |       |     1 |     1 |     3 |       |       |       |       ||     5
         Flux              |       |       |       |     2 |     2 |       |       |       |       ||     4
                           |       |       |       |       |     2 |       |       |       |       ||     2
         Storm             |       |       |       |       |     1 |       |       |       |       ||     1

Table legend: (Time is in decaauts)
 A = Elapsed time spent in this place.
 B = Non-inter-level travel time spent in this place.
 C = Inter-level travel time spent in this place.
 D = Time resting spent in this place.
 E = Time spent auto-exploring this place.
 F = Levels seen in this place.
 G = Mean time per level.
                   A        B        C        D        E       F      G
               +--------+--------+--------+--------+--------+-----+--------+
         Total |  59776 |  52992 |   6784 |      0 |  34811 |  53 | 1127.8 |
       Dungeon |  16248 |  13679 |   2569 |      0 |   9547 |  15 | 1083.2 |
        Temple |     49 |     24 |     25 |      0 |      0 |   1 |   49.0 |
          Lair |   8782 |   8156 |    626 |      0 |   4765 |   5 | 1756.4 |
        Shoals |   4137 |   3871 |    266 |      0 |   3028 |   4 | 1034.2 |
     Snake Pit |   4300 |   4190 |    110 |      0 |   2864 |   4 | 1075.0 |
  Orcish Mines |   2430 |   2004 |    426 |      0 |   1300 |   2 | 1215.0 |
   Elven Halls |   4030 |   3577 |    453 |      0 |   2410 |   3 | 1343.3 |
        Vaults |   7120 |   6170 |    950 |      0 |   4317 |   5 | 1424.0 |
        Depths |   6683 |   5631 |   1052 |      0 |   3854 |   4 | 1670.8 |
           Zot |   4618 |   4315 |    303 |      0 |   2531 |   5 |  923.6 |
         Abyss |    542 |    542 |      0 |      0 |      0 |   2 |  271.0 |
         Trove |     69 |     69 |      0 |      0 |     13 |   1 |   69.0 |
       Ossuary |    456 |    456 |      0 |      0 |    181 |   1 |  456.0 |
      Ice Cave |    305 |    305 |      0 |      0 |      0 |   1 |  305.0 |
               +--------+--------+--------+--------+--------+-----+--------+

Top non-repeatable levels by time:
Depths:2: 2107 daAuts
Depths:1: 2030 daAuts
  Lair:5: 1981 daAuts
    D:10: 1971 daAuts
   Orc:2: 1912 daAuts
  Lair:4: 1885 daAuts
  Lair:3: 1817 daAuts
   Zot:5: 1808 daAuts
    D:13: 1710 daAuts
 Snake:4: 1699 daAuts
Vaults:4: 1656 daAuts
Vaults:1: 1650 daAuts
  Lair:1: 1648 daAuts
   Elf:3: 1576 daAuts
Vaults:3: 1543 daAuts
